 Dungeon Crawl Stone Soup version 0.32-a0-427-g448f42529f (webtiles) character file.

Game seed: 15847111238979697781

256 Essalna the Digger (level 6, -3/33 HPs)
             Began as a Gargoyle Earth Elementalist on Feb 22, 2024.
             Slain by an orc
             ... wielding a +0 war axe
              (11 damage)
             ... on level 3 of the Dungeon.
             The game lasted 00:03:38 (2233 turns).

Essalna the Digger (Gargoyle Earth Elementalist)    Turns: 2233, Time: 00:03:39

Health: -3/33      AC:  8    Str: 11    XL:     6   Next: 15%
Magic:  8/11       EV: 11    Int: 18    God:
Gold:   97         SH:  0    Dex: 13    Spells: 8/12 levels left

rFire   . . .        (no weapon)
rCold   + . .        (no shield)
rNeg    + . .        r - +0 leather armour of Yredelemnul's Whim {rElec Dex+3}
rPois   ∞            (no helmet)
rElec   +            (no cloak)
rCorr   .            f - +0 pair of gloves
SInv    .            (no boots)
Will    .....        j - amulet of magic regeneration
Stlth   ++           m - ring of protection from cold
HPRegen 0.25/turn    (no ring)
MPRegen 0.52/turn

%: no passive effects
@: no status effects
A: sickness immunity, AC +4, negative energy resistance 1, electricity
resistance, torment resistance 1, petrification resistance
a: no special abilities


You were on level 3 of the Dungeon.
You visited 1 branch of the dungeon, and saw 3 of its levels.

You collected 97 gold pieces.

Inventory:

Armour
 a - a +0 robe
 f - a +0 pair of gloves (worn)
 r - the +0 leather armour of Yredelemnul's Whim (worn) {rElec Dex+3}
   (You found it on level 3 of the Dungeon)

   Dex+3:     It affects your dexterity (+3).
   rElec:     It insulates you from electricity.
Jewellery
 j - an amulet of magic regeneration (around neck)
 m - a ring of protection from cold (left hand)
Scrolls
 c - 2 scrolls of enchant armour {unknown}
 e - a scroll of noise {unknown}
 i - a scroll of teleportation {unknown}
 k - a scroll of identify {unknown}
 n - a scroll of blinking {unknown}
 p - a scroll of immolation {unknown}
Potions
 b - a potion of magic
 d - a potion of heal wounds {unknown}
 g - a potion of degeneration {unknown}
 h - a potion of brilliance {unknown}
 l - a potion of curing {unknown}
 o - a potion of haste {unknown}
 q - a potion of attraction {unknown}


   Skills:
 + Level 0.4 Fighting
 + Level 0.4 Armour
 + Level 1.6 Dodging
 - Level 2.1 Stealth
 + Level 3.6 Spellcasting
 + Level 3.7 Conjurations
 + Level 5.3 Earth Magic


You had 8 spell levels left.
You knew the following spells:

 Your Spells              Type           Power      Damage    Failure   Level
a - Sandblast             Erth           44%        2d11      2%          1
b - Stone Arrow           Conj/Erth      38%        3d9       10%         3

Your spell library contained the following spells:

 Spells                   Type           Power      Damage    Failure   Level
 Passwall                 Erth           22%        N/A       7%          3
 Summon Small Mammal      Summ           12%        N/A       21%         1
 Ensorcelled Hibernation  Hex/Ice        6%         N/A       30%         2
 Lesser Beckoning         Tloc           6%         N/A       30%         2
 Brom's Barrelling Bould  Conj/Erth      19%        2d4       30%         4
 Call Canine Familiar     Summ           3%         N/A       52%         3
 Fugue of the Fallen      Necr           3%         N/A       52%         3
 Gell's Gravitas          Tloc           3%         N/A       52%         3
 Ozocubu's Armour         Ice            3%         N/A       52%         3
 Swiftness                Air            3%         N/A       52%         3
 Teleport Other           Tloc           3%         N/A       52%         3
 Petrify                  Alch/Erth      12%        N/A       54%         4
 Manifold Assault         Tloc           3%         N/A       90%         4
 Summon Blazeheart Golem  Fire/Summ      3%         N/A       90%         4


Dungeon Overview and Level Annotations

Branches:
Dungeon (3/15)

Altars:
Xom


Innate Abilities, Weirdness & Mutations

You are immune to sickness and miasma.
Your stone body is resilient. (AC +4)
You are immune to poison.
You resist negative energy. (rN+)
You are resistant to electric shocks. (rElec)
You are resistant to unholy torment.
You are immune to petrification.


Message History

The orc is severely wounded.
The orc priest hits you with a +0 club. The orc hits you with a +0 war axe.
The orc hits you with a +0 mace! The orc barely misses you.
The orc priest misses you. The orc hits you with a +0 mace.
The orc priest shouts, "The Pantheon deserves no one's loyalty.
Let us show you the true path!" (press Y on the ability menu to convert to Beogh) Unknown command.
Casting: Sandblast (safe; 2% risk of failure)
Confirm with . or Enter, or press ? or * to list all spells.
Aiming: Sandblast (safe; 2% risk of failure)
Press: ? - help, Shift-Dir - straight line, f - orc priest, p - orc
Aim: an orc priest, wielding a +0 club (83% to hit)
The blast of sand hits the orc priest.
The orc priest is lightly wounded.
The orc priest casts a cantrip, but nothing happens.
The orc hits you with a +0 mace. The orc barely misses you.
Casting: Sandblast (safe; 2% risk of failure)
Confirm with . or Enter, or press ? or * to list all spells.
Aiming: Sandblast (safe; 2% risk of failure)
Press: ? - help, Shift-Dir - straight line, f/p - orc priest
Aim: an orc priest, wielding a +0 club (lightly wounded, 83% to hit)
The blast of sand hits the orc priest!
You kill the orc priest!
The orc barely misses you. The orc closely misses you.
An endoplasm comes into view.
The orc hits you with a +0 mace.
* * * LOW HITPOINT WARNING * * *
The orc barely misses you.
Your magical contamination has completely faded away.
Casting: Sandblast (safe; 2% risk of failure)
Confirm with . or Enter, or press ? or * to list all spells.
Aiming: Sandblast (safe; 2% risk of failure)
Press: ? - help, Shift-Dir - straight line, f - orc
Aim: an orc, wielding a +0 mace and wearing a +0 chain mail (heavily wounded, 87% to hit)
The blast of sand hits the orc but does no damage.
The orc is heavily wounded.
The orc hits you with a +0 mace.
* * * LOW HITPOINT WARNING * * *
The orc hits you with a +0 war axe!
You die...

#...............#
########..###.#######
#..###.# #...#
#......###...######
#.##<)...'...'.....
######
#.##.##.##...######
....<# ###.##.##.######
###### #......##.##
#...@..##..#
#..oo).....########
###.#)#.#.........#
#........#.......#
...)#)#.#.##......#
...........##......#
#...J..#.#.#.##......###
#............##......'..
#.........)####......###


You could see 2 orcs and an endoplasm.

Vanquished Creatures
  A scorpion (D:3)
  An orc priest (D:3)
  A gnoll (D:1)
  6 adders
  2 dart slugs (D:1)
  2 ribbon worms
  3 orcs (D:3)
  6 bats
  5 endoplasms
  3 giant cockroaches
  5 hobgoblins
  7 kobolds
  3 quokkas
  2 ball pythons (D:1)
  3 frilled lizards
  4 goblins
  5 rats
59 creatures vanquished.

Notes
Turn   | Place    | Note
-------+----------+-------------------------------------------
     0 | D:1      | Essalna the Gargoyle Earth Elementalist began the quest for
                  | the Orb.
     0 | D:1      | Reached XP level 1. HP: 10/10 MP: 3/3
    98 | D:1      | Reached XP level 2. HP: 15/15 MP: 1/5
   100 | D:1      | Reached skill level 4 in Earth Magic
   242 | D:1      | Reached XP level 3. HP: 19/19 MP: 4/6
   602 | D:1      | Found a faded altar of an unknown god.
  1057 | D:2      | Reached XP level 4. HP: 24/24 MP: 3/8
  1132 | D:2      | Found a shimmering altar of Xom.
  1150 | D:2      | Learned a level 3 spell: Stone Arrow
  1531 | D:2      | Reached XP level 5. HP: 28/28 MP: 9/9
  1874 | D:3      | Reached skill level 5 in Earth Magic
  2105 | D:3      | Identified the +0 leather armour of Yredelemnul's Whim
                  | {rElec Dex+3}
  2223 | D:3      | Reached XP level 6. HP: 32/32 MP: 11/11
  2225 | D:3      | Identified the +3 ring mail of Gewkuj {^Drain MP+9 Str+3
                  | Slay+4}
  2233 | D:3      | Slain by an orc

Illustrated notes

Levels and vault maps discovered:
D:1:      lemuel_arrival_behind_the_door_large, layout_loops_cross,
          shapermc_ecumenical_altar_venn, grunt_decor_cap, chequers_big_river,
          minmay_misc_feat_square, corexii_leaking_fountain
D:2:      layout_basic, basic_altar
D:3:      layout_basic, serial_glass, glass_columns_b, glass_columns_a

Skill      XL: |  1  2  3  4  5 |
---------------+----------------+-----
Earth Magic    | 4 5 |  5.3
Conjurations   | 2 3 |  3.7
Spellcasting   | 3 |  3.6
Fighting       | |  0.4
Armour         | |  0.4
Dodging        | |  1.6
Stealth        | |  2.1

Action                     |  1- 3 |  4- 6 || total
---------------------------+-------+-------++-------
  Melee: Unarmed           |       |     3 ||     3
   Cast: Sandblast         |    27 |    67 ||    94
 Armour: Robe              |     5 |    27 ||    32
         Leather armour    |       |    15 ||    15
  Dodge: Dodged            |     4 |    30 ||    34

Table legend: (Time is in decaauts)
 A = Elapsed time spent in this place.
 B = Non-inter-level travel time spent in this place.
 C = Inter-level travel time spent in this place.
 D = Time resting spent in this place.
 E = Time spent auto-exploring this place.
 F = Levels seen in this place.
 G = Mean time per level.
                   A        B        C        D        E       F      G
               +--------+--------+--------+--------+--------+-----+--------+
         Total |   2292 |   2235 |     57 |      0 |   1907 |   3 |  764.0 |
       Dungeon |   2292 |   2235 |     57 |      0 |   1907 |   3 |  764.0 |
               +--------+--------+--------+--------+--------+-----+--------+

Top non-repeatable levels by time:
     D:1: 975 daAuts
     D:2: 859 daAuts
     D:3: 457 daAuts
